 Dungeon Crawl Stone Soup version 0.28.0-49-g6dfe1f597d (webtiles) character file.

Game seed: 1318810464990228749

47 OrbIsHorse the Chopper (level 3, -2/34 HPs)
             Began as a Hill Orc Cinder Acolyte on May 16, 2022.
             Was a High Priest of Ignis.
             Killed by an exploding orc (19 damage)
             ... ignited by their inner flame
             ... on level 4 of the Dungeon.
             The game lasted 00:11:05 (1840 turns).

OrbIsHorse the Chopper (Hill Orc Cinder Acolyte)    Turns: 1840, Time: 00:11:05

Health: -2/34      AC:  5    Str: 18    XL:     3   Next: 70%
Magic:  4/4        EV: 11    Int: 14    God:    Ignis [*****.]
Gold:   89         SH:  0    Dex:  6    Spells: 4/4 levels left

rFire   + . .      SeeInvis .   a - -1 hand axe (flame)
rCold   . . .      Faith    .   (no shield)
rNeg    . . .      Spirit   .   q - +0 leather armour
rPois   .          Reflect  .   (no helmet)
rElec   .          Harm     .   (no cloak)
rCorr   .          Rampage  .   j - +1 pair of gloves
Will    .....                   (no boots)
Stlth   +.........              (no amulet)
HPRegen 0.11/turn               (no ring)
MPRegen 0.09/turn               (no ring)

@: no status effects
A: no striking features
a: Renounce Religion, Fiery Armour, Foxfire Swarm, Rising Flame


You were on level 4 of the Dungeon.
You worshipped Ignis.
Ignis was extremely pleased with you.
You visited 1 branch of the dungeon, and saw 4 of its levels.

You collected 89 gold pieces.

Inventory:

Hand Weapons
 a - a -1 hand axe of flaming (weapon)
 g - a +0 short sword
 h - a +0 hand axe
 n - a +0 hunting sling
Missiles
 f - 22 arrows
 l - 2 poisoned darts (quivered)
 o - a stone
 p - a throwing net
Armour
 b - a +0 robe
 j - a +1 pair of gloves (worn)
 q - a +0 leather armour (worn)
Scrolls
 d - a scroll of magic mapping
 e - a scroll of identify
 m - a scroll of fog {unknown}
Potions
 i - a potion of might {unknown}
 r - a potion of resistance


   Skills:
 + Level 4.3 Fighting
 + Level 5.0 Axes
 + Level 0.1 Throwing
 + Level 0.3 Dodging
 + Level 1.0 Spellcasting
 + Level 3.5 Fire Magic


You had 4 spell levels left.
You didn't know any spells.
Your spell library contained the following spells:

 Spells                   Type           Power      Damage    Failure   Level
 Scorch                   Fire           20%        2d6       11%         2


Dungeon Overview and Level Annotations

Branches:
Dungeon (4/15)
 Temple: D:4-7

Altars:


Message History

You barely miss the giant cockroach.
The giant cockroach is almost dead.
The giant cockroach barely misses you.
You hit the giant cockroach. You burn the giant cockroach.
You kill the giant cockroach!
You see here a giant cockroach corpse.
Found a stone staircase leading down.
You start waiting.
Done waiting.
You now have 80 gold pieces (gained 5).
An orc comes into view. It is wielding a +0 trident.
The orc shouts!
An orc comes into view. It is wielding a +0 flail.
The orc shouts!
You see here 9 gold pieces.
You see here 9 gold pieces.
You now have 89 gold pieces (gained 9).
An orc comes into view. It is wielding a +0 club.
The orc shouts!
The orc hits you from afar with a +0 trident.
The orc hits you with a +0 flail. The orc barely misses you.
The orc hits you with a +0 flail. The orc hits you with a +0 trident.
Throw: 3 darts (poison)
Press: ? - help, Q - select action, (/) - cycle Shift-Dir - straight line, f - orc
Aim: an orc, wielding a +0 club (54% to hit)
You throw a poisoned dart.
The poisoned dart barely misses the orc.
The orc hits you with a +0 flail. The orc hits you with a +0 trident!
As you read the scroll of immolation, it crumbles to dust.
The creatures around you are filled with an inner flame!
The orc barely misses you. x2
You closely miss the orc. You hit the orc but do no damage. You hit the orc.
Flame seeps out of the orc.
You burn the orc.
Flame seeps out of the orc.
The orc hits you but does no damage. The orc barely misses you.
The orc is engulfed in blazing flames.
The orc explodes!
The fiery explosion engulfs the orc!
The fiery explosion engulfs you!! You resist.
Ouch! That really hurt!
You die...

.. ....##..##..#..#..
...............#..#..
##.##..#....#.)#....
#..............#..#
..................##.#
#........$..).........
#.........#.#.........
#..##.#.†......#.##
+...........#@o...#
#..##...#.#.○)....#
#..##......§§§...>...
.###..<#...###.#.........
.......#...# #.#.##..####
...........# #.#.# ..#
...........# #.... ..#
.....#.#.#.# ###(# ##
.............


You could see an orc (inner flame).

Vanquished Creatures
  3 dart slugs
  3 orcs
  2 ball pythons
  4 bats (D:1)
  4 endoplasms
  A giant cockroach (D:4)
  4 goblins
  5 hobgoblins
  3 jackals (D:2)
  2 kobolds
  3 rats (D:1)
  A spectral hobgoblin (D:1)
35 creatures vanquished.

Vanquished Creatures (others)
  3 fungi (D:2)
3 creatures vanquished.

Grand Total: 38 creatures vanquished

Notes
Turn   | Place    | Note
-------+----------+-------------------------------------------
     0 | D:1      | OrbIsHorse the Hill Orc Cinder Acolyte began the quest for
                  | the Orb.
     0 | D:1      | Reached XP level 1. HP: 19/19 MP: 2/2
   151 | D:1      | Reached XP level 2. HP: 13/27 MP: 3/3
   612 | D:1      | Found a faded altar of an unknown god.
  1021 | D:1      | You fall into a shaft and drop 1 floor!
  1027 | D:2      | Reached XP level 3. HP: 26/33 MP: 4/4
  1606 | D:4      | Reached skill level 5 in Axes
  1840 | D:4      | Killed by an exploding orc... ignited by their inner flame

Illustrated notes

Levels and vault maps discovered:
D:1:      wander_arrival_abandoned_jail, layout_basic,
          dreamdust_ecumenical_altar_drowned_temple, minmay_fountain_box
D:2:      layout_loops_ring, serial_shops, shop, minmay_shallow_snake_nest
D:3:      layout_basic, general_overflow_altar, serial_rivers,
          chequers_serial_rivers_micro_d, chequers_serial_rivers_marsh,
          chequers_serial_rivers_micro_a, chequers_serial_rivers_small_b,
          chequers_serial_rivers_micro_a, chequers_serial_rivers_large_a
D:4:      layout_basic, nicolae_sif_muna_condensation,
          mainiacjoe_overflow_surrounded_room, temple_green, uniq_sigmund

Skill      XL: |  1  2  3 |
---------------+----------+-----
Fighting       | 4 |  4.3
Axes           | 5 |  5.0
Throwing       | |  0.1
Dodging        | |  0.3
Spellcasting   | |  1.0
Fire Magic     | |  3.5

Action                   || total
-------------------------++-------
Melee: Hand axe          ||    86
       Punch             ||     1
Throw: Stone             ||     8
       Dart              ||     9
  Use: Scroll            ||     5
Armor: Robe              ||    45
       Leather armour    ||    10
Dodge: Dodged            ||    98
